 Dungeon Crawl Stone Soup version 0.17-a0-1181-gabc46e6 (webtiles) character file.

83 Fluffy the Ducker (level 4, -2/34 HPs)
             Began as a Demonspawn Gladiator on May 31, 2015.
             Killed by divine providence
             ... invoked by an orc priest
              (15 damage)
             ... on level 3 of the Dungeon.
             The game lasted 00:03:32 (1560 turns).

Fluffy the Ducker (Demonspawn Gladiator)            Turns: 1560, Time: 00:03:32

Health: -2/34      AC: 12    Str: 16    XL:     4   Next: 22%
Magic:  4/4        EV:  5    Int: 10    God:
Gold:   114        SH:  0    Dex: 15    Spells: 0 memorised, 3 levels left

rFire  + . .     SeeInvis .     a - +0 long sword
rCold  . . .     Clarity  .     j - +0 plate armour
rNeg   . . .     SustAt   .     (no shield)
rPois  .         Gourm    .     i - +2 hat
rElec  .         Spirit   .     (no cloak)
rCorr  .         Warding  .     (no gloves)
rMut   .         Stasis   .     (no boots)
MR     .....                    (no amulet)
Stlth  ..........               (no ring)
                                (no ring)

@: not resistant to hostile enchantments, extremely unstealthy
A: thin skeletal structure 1, fire resistance 1
a: no special abilities


You were on level 3 of the Dungeon.
You were not hungry.

You visited 1 branch of the dungeon, and saw 3 of its levels.

You collected 114 gold pieces.

Inventory:

Hand weapons
 a - a +0 long sword (weapon)
Missiles
 d - 3 throwing nets (quivered)
Armour
 i - a +2 hat (worn)
 j - a +0 plate armour (worn)
Scrolls
 g - 2 scrolls of identify
 l - a scroll of enchant weapon {unknown}
Potions
 c - a potion of curing
 h - 2 potions of might
Comestibles
 b - a royal jelly
 e - 3 bread rations
 f - 7 fruits
 k - a beef jerky


   Skills:
 + Level 2.6 Fighting
 + Level 3.1 Long Blades
 - Level 1.7 Throwing
 + Level 1.6 Armour
 + Level 3.3 Dodging


You had 3 spell levels left.
You didn't know any spells.

Dungeon Overview and Level Annotations

Branches:
Dungeon (3/15)

Altars:


Innate Abilities, Weirdness & Mutations

You have a somewhat thin skeletal structure (Dex +2, Stealth).
Your flesh is heat resistant.


Message History

The orc priest barely misses you.
You barely miss the orc priest.
The orc priest hits you but does no damage.
You slash the orc priest!
The orc priest is severely wounded.
The orc priest's eyes start to glow.
The orc priest mumbles some strange prayers to Beogh against you.
Something smites you!
You hit the orc priest.
The orc priest is almost dead.
The orc priest mumbles some strange prayers to Beogh against you.
Something smites you!
* * * LOW HITPOINT WARNING * * *
The orc priest hits you with a mace.
* * * LOW HITPOINT WARNING * * *
Drink which item? (? for menu, Esc to quit)
You feel better.
The orc priest invokes the aid of Beogh against you.
Something smites you!
You die...

#.# #.# #.# ####### ###
#.# #.....# ....
###.####.....# ?..>.
.............#
......###.####..†..#####
.....oo@.....'..........
####.{###.####.........#
#. #.# ######....# ..
#.# #....# <. ..# #....#
#. ### #..... # .##.##
## ...


You could see 2 orc priests.

Vanquished Creatures
  2 adders
  A giant gecko (D:2)
  7 orcs (D:3)
  6 bats
  3 giant cockroaches (D:1)
  7 goblins
  5 hobgoblins (D:1)
  7 jackals (D:2)
  6 kobolds
  2 ball pythons
  3 giant newts (D:1)
  4 rats
53 creatures vanquished.

Notes
Turn   | Place    | Note
--------------------------------------------------------------
     0 | D:1      | Fluffy the Demonspawn Gladiator began the quest for the Orb.
     0 | D:1      | Reached XP level 1. HP: 16/16 MP: 1/1
    54 | D:1      | Gained mutation: You have a somewhat thin skeletal structure (Dex +2, Stealth). [demonic ancestry]
    54 | D:1      | Reached XP level 2. HP: 15/22 MP: 2/2
    94 | D:1      | Reached skill level 1 in Armour
   202 | D:1      | Reached skill level 3 in Dodging
   482 | D:2      | Reached XP level 3. HP: 25/28 MP: 3/3
  1349 | D:3      | Gained mutation: Your flesh is heat resistant. [demonic ancestry]
  1349 | D:3      | Reached XP level 4. HP: 25/34 MP: 4/4
  1560 | D:3      | Killed from afar by an orc priest

Vault maps used:
D:1:      grunt_arrival_crossed_arrows
D:2:      serial_bayou_pond_e
D:3:      wad_crossroads, first_bread, uniq_iyjb, uniq_grinder, uniq_robin

Action                   |  1- 3 |  4- 6 || total
-------------------------+-------+-------++-------
Melee: Long sword        |   160 |    16 ||   176
  Use: Scroll            |     2 |     2 ||     4
       Potion            |       |     1 ||     1
 Stab: Sleeping          |     1 |       ||     1
  Eat: Chunk             |       |     2 ||     2
